1905 views
Uploaded 2023-01-02 22:39:36
Game version 1.32.10
15:49 long 1on1 ladder game on (2)NorthernIsles
Saved by DKnight
1905 views
Uploaded 2023-01-02 22:39:36
Game version 1.32.10
15:49 long 1on1 ladder game on (2)NorthernIsles

21 units @ 3.6k
/ 0.6k
10 buildings @ 1.6k
/ 0.5k


| Rod of Necromancy | 2 | 300 |
| Orb of Corruption | 1 | 375 |
| Scroll of Healing | 1 | 250 |
| Potion of Lesser Invulnerability | 1 | 150 |
| total: | 5 | 1075g |
| Acolyte | 5 | 375 | / | 0 |
| Ghoul | 2 | 240 | / | 0 |
| Crypt Fiend | 12 | 2580 | / | 480 |
| Obsidian Statue | 2 | 400 | / | 70 |
| total: | 21 | 3595g | / | 550w |
| Crypt | 1 | 200 | / | 50 |
| Graveyard | 1 | 215 | / | 0 |
| Altar of Darkness | 1 | 180 | / | 50 |
| Ziggurat | 5 | 750 | / | 250 |
| Tomb of Relics | 1 | 130 | / | 30 |
| Slaughterhouse | 1 | 140 | / | 135 |
| Halls of the Dead | 1 | 320 | / | 210 |
| Black Citadel | 1 | 325 | / | 230 |
| total: | 10 | 1615g | / | 515w |
| 0:03 | Acolyte |
| 0:03 | Acolyte |
| 0:07 | Crypt |
| 0:25 | Graveyard |
| 0:41 | Altar of Darkness |
| 0:57 | Ziggurat |
| 1:06 | Acolyte |
| 1:10 | Ghoul |
| 1:18 | Acolyte |
| 1:30 | Tomb of Relics |
| 1:50 | Ghoul |
| 2:03 | Crypt Fiend |
| 2:20 | Ziggurat |
| 2:49 | Rod of Necromancy |
| 2:51 | Death Coil |
| 3:08 | Halls of the Dead |
| 3:30 | Crypt Fiend |
| 4:01 | Crypt Fiend |
| 4:05 | Ziggurat |
| 4:45 | Crypt Fiend |
| 5:15 | Unholy Aura |
| 5:22 | Crypt Fiend |
| 6:48 | Black Citadel |
| 6:53 | Frost Nova |
| 7:01 | Crypt Fiend |
| 7:56 | Crypt Fiend |
| 8:00 | Slaughterhouse |
| 8:22 | Crypt Fiend |
| 8:27 | Ziggurat |
| 8:49 | Crypt Fiend |
| 9:10 | Death Coil |
| 9:20 | Destroyer Form |
| 9:23 | Obsidian Statue |
| 9:27 | Crypt Fiend |
| 10:02 | Frost Armor |
| 10:32 | Potion of Lesser Invulnerability |
| 10:32 | Scroll of Healing |
| 10:45 | Crypt Fiend |
| 10:47 | Ziggurat |
| 10:49 | Creature Attack |
| 10:56 | Rod of Necromancy |
| 10:59 | Orb of Corruption |
| 11:05 | Acolyte |
| 11:58 | Crypt Fiend |
| 12:24 | Obsidian Statue |
| 12:36 | Web |
| 13:55 | Frost Nova |
| 14:01 | Unholy Aura |
| Right click | 999 |
| Select group | 726 |
| Select | 235 |
| Misc. action | 94 |
| Build/train/purchase | 59 |
| Assign group | 31 |
| Use ability | 27 |
| Item give/drop | 4 |
| Chat | 4 |
| Remove unit | 1 |
| Esc | 1 |
28 units @ 3.3k
/ 0.2k
14 buildings @ 2.2k
/ 0.8k

| Rod of Necromancy | 3 | 450 |
| Sacrificial Skull | 2 | 100 |
| Ritual Dagger | 2 | 250 |
| Potion of Mana | 1 | 200 |
| Scroll of Town Portal | 1 | 350 |
| total: | 9 | 1350g |
| Acolyte | 9 | 675 | / | 0 |
| Ghoul | 15 | 1800 | / | 0 |
| Crypt Fiend | 4 | 860 | / | 160 |
| total: | 28 | 3335g | / | 160w |
| Nerubian Tower | 1 | 100 | / | 20 |
| Crypt | 1 | 200 | / | 50 |
| Altar of Darkness | 1 | 180 | / | 50 |
| Ziggurat | 8 | 1200 | / | 400 |
| Graveyard | 1 | 215 | / | 0 |
| Tomb of Relics | 1 | 130 | / | 30 |
| Slaughterhouse | 1 | 140 | / | 135 |
| Temple of the Damned | 1 | 155 | / | 140 |
| Halls of the Dead | 2 | 640 | / | 420 |
| total: | 14 | 2220g | / | 805w |
| 0:03 | Acolyte |
| 0:04 | Acolyte |
| 0:11 | Crypt |
| 0:15 | Altar of Darkness |
| 0:34 | Ziggurat |
| 0:58 | Graveyard |
| 1:15 | Ghoul |
| 1:25 | Tomb of Relics |
| 1:36 | Ghoul |
| 1:50 | Ghoul |
| 2:01 | Ghoul |
| 2:30 | Ziggurat |
| 2:34 | Unholy Armor |
| 2:41 | Carrion Beetles |
| 2:55 | Rod of Necromancy |
| 3:16 | Sacrificial Skull |
| 3:32 | Unholy Strength |
| 3:33 | Ghoul |
| 3:36 | Acolyte |
| 3:38 | Ghoul |
| 3:58 | Ghoul |
| 4:12 | Ghoul |
| 4:17 | Rod of Necromancy |
| 4:20 | Ritual Dagger |
| 5:06 | Ghoul |
| 5:06 | Ghoul |
| 5:09 | Cannibalize |
| 5:11 | Acolyte |
| 6:38 | Impale |
| 8:15 | Halls of the Dead |
| 8:19 | Ghoul |
| 8:19 | Ghoul |
| 8:19 | Ghoul |
| 8:19 | Ghoul |
| 8:22 | Acolyte |
| 8:23 | Acolyte |
| 8:23 | Acolyte |
| 8:23 | Acolyte |
| 8:23 | Acolyte |
| 8:43 | Rod of Necromancy |
| 8:43 | Ritual Dagger |
| 8:50 | Nerubian Tower |
| 8:55 | Creature Carapace |
| 9:01 | Halls of the Dead |
| 9:09 | Sacrificial Skull |
| 9:35 | Ghoul |
| 10:08 | Ziggurat |
| 10:10 | Ziggurat |
| 10:14 | Improved Creature Carapace |
| 10:14 | Creature Attack |
| 10:47 | Carrion Beetles |
| 11:10 | Crypt Fiend |
| 11:11 | Crypt Fiend |
| 11:11 | Crypt Fiend |
| 11:11 | Crypt Fiend |
| 11:36 | Ziggurat |
| 11:38 | Ziggurat |
| 12:34 | Slaughterhouse |
| 12:37 | Temple of the Damned |
| 12:40 | Improved Unholy Armor |
| 12:42 | Improved Unholy Strength |
| 12:57 | Ziggurat |
| 13:00 | Ziggurat |
| 13:44 | Potion of Mana |
| 13:47 | Scroll of Town Portal |
| Right click | 503 |
| Select | 241 |
| Chat | 141 |
| Build/train/purchase | 67 |
| Misc. action | 18 |
| Remove unit | 7 |
| Use ability | 6 |
| Item give/drop | 4 |